 Dungeon Crawl Stone Soup version 0.16.1-18-g436b03c (webtiles) character file.

285 Woebin the Magician (level 6, -5/44 HPs)
             Began as a Demonspawn Wanderer on Apr 23, 2015.
             Slain by a centaur skeleton (6 damage)
             ... on level 4 of the Dungeon on Apr 30, 2015.
             The game lasted 00:23:20 (5860 turns).

Woebin the Magician (Demonspawn Wanderer)           Turns: 5860, Time: 00:23:20

Health: -5/44      AC:  4    Str: 12    XL:     6   Next: 7%
Magic:  0/14       EV: 12    Int: 12    God:
Gold:   196        SH:  0    Dex: 16    Spells: 4 memorised, 4 levels left

rFire  . . .     SeeInvis +     y - -1 short sword (curse)
rCold  . . .     Clarity  .     t - +0 robe
rNeg   + . .     SustAb   .     (no shield)
rPois  .         Gourm    .     (no helmet)
rElec  .         Spirit   .     (no cloak)
rCorr  .         Warding  .     (no gloves)
rMut   +         Stasis   .     (no boots)
MR     .....                    l - amulet of resist mutation
Stlth  ++........               z - ring of positive energy
                                x - ring of see invisible

@: very slightly contaminated, not resistant to hostile enchantments, unstealthy
A: rugged brown scales 2, demonic guardian 1, powered by pain 1
a: no special abilities


You were on level 4 of the Dungeon.
You were not hungry.

You visited 1 branch of the dungeon, and saw 4 of its levels.

You collected 196 gold pieces.

Inventory:

Hand weapons
 b - a +0 hand axe
 y - a cursed -1 short sword (weapon)
Missiles
 e - 13 stones
 r - 4 javelins (quivered)
Armour
 c - a +0 ring mail
 h - a +0 scale mail
 o - a +0 leather armour
 t - a +0 robe (worn)
Jewellery
 l - an amulet of resist mutation (around neck)
 v - an uncursed amulet of faith
 x - a ring of see invisible (left hand)
 z - a ring of positive energy (right hand)
Scrolls
 m - 7 scrolls of identify
Potions
 n - a potion of agility {unknown}
 p - a potion of heal wounds {unknown}
 q - a potion of cancellation {unknown}
 s - a potion of poison {unknown}
 w - a potion of restore abilities {unknown}
Books
 a - a book of Minor Magic

   Spells                             Type                      Level
   a - Magic Dart                     Conjuration                  1
   b - Blink                          Translocation                2
   c - Call Imp                       Summoning                    2
   d - Repel Missiles                 Charms/Air                   2
   e - Slow                           Hexes                        2
   f - Conjure Flame                  Conjuration/Fire             3
   g - Mephitic Cloud                 Conjuration/Poison/Air       3
Comestibles
 d - 5 bread rations
 i - a royal jelly
 u - a meat ration
 B - 3 chunks of flesh


   Skills:
 + Level 0.8 Fighting
 + Level 1.7 Axes
 - Level 0.1 Throwing
 + Level 2.6 Armour
 + Level 2.0 Dodging
 - Level 1.2 Stealth
   Level 1.0 Shields
 * Level 3.9 Spellcasting
 + Level 1.7 Conjurations
   Level 1.1 Necromancy
 + Level 1.0 Translocations
   Level 1.7 Earth Magic


You had 4 spell levels left.
You knew the following spells:

 Your Spells              Type           Power        Failure   Level  Hunger
a - Magic Dart            Conj           #...         12%         1    #......
b - Repel Missiles        Chrm/Air       #.....       38%         2    ##.....
c - Blink                 Tloc           N/A          28%         2    ##.....
d - Mephitic Cloud        Conj/Pois/Air  #.......     56%         3    ###....


Dungeon Overview and Level Annotations

Branches:
Dungeon (4/15)
 Temple: D:4-7

Altars:
Gozag


Innate Abilities, Weirdness & Mutations

You are mostly covered in rugged brown scales (AC +2, +5% HP).
A weak demonic guardian rushes to your aid.
You sometimes gain a little power by taking damage.


Message History

Casting: Magic Dart
Confirm with . or Enter, or press ? or * to list all spells.
Aiming: Magic Dart
Press: ? - help, Shift-Dir - straight line, f/p - centaur skeleton
Aim: a centaur skeleton The magic dart hits the centaur skeleton.
The centaur skeleton hits you.
You hit the centaur skeleton. The centaur skeleton hits you.
* * * LOW HITPOINT WARNING * * *
You hit the centaur skeleton.
The centaur skeleton hits you but does no damage.
The centaur skeleton hits you.
* * * LOW HITPOINT WARNING * * *
You hit the centaur skeleton but do no damage.
The centaur skeleton hits you.
* * * LOW HITPOINT WARNING * * *
You hit the centaur skeleton. The centaur skeleton hits you.
* * * LOW HITPOINT WARNING * * *
The centaur skeleton hits you.
You die...

. ....# #..#..†#
##..#[#.#
.......h.
........#####.#
................#
.......##.#####
..........†...#
###......##.§###@#
.........##..# #Z#
.............###.#
.........###.#...#
.........# #.#...#
.........###.....#
.........)...#####
.........#.#.###
.........#.#...


You could see a centaur skeleton.

Vanquished Creatures
  A worker ant (D:4)
  A gnoll (D:2)
  6 adders
  4 worms (D:2)
  3 giant geckos
  3 oozes
  2 orcs (D:3)
  2 ball pythons
  2 giant cockroaches
  6 goblins
  13 hobgoblins
  5 jackals
  9 kobolds
  A quokka (D:4)
  9 bats
  4 giant newts
  11 rats
82 creatures vanquished.

Vanquished Creatures (collateral kills)
  The ghost of Beholder179 the Poker, an average MfSk (D:3)
  A hound (D:4)
  2 gnolls (D:2)
4 creatures vanquished.

Vanquished Creatures (others)
  2 white imps
  An ufetubus (D:3)
3 creatures vanquished.

Grand Total: 89 creatures vanquished

Notes
Turn   | Place    | Note
--------------------------------------------------------------
     0 | D:1      | Woebin, the Demonspawn Wanderer, began the quest for the Orb.
     0 | D:1      | Woebin set off with: a book of Minor Magic, a +0 hand axe, a +0 ring mail, a bread ration
     0 | D:1      | Reached XP level 1. HP: 13/13 MP: 3/3
     2 | D:1      | Learned a level 1 spell: Magic Dart
   204 | D:1      | Gained mutation: You sometimes gain a little power by taking damage. [demonic ancestry]
   204 | D:1      | Reached XP level 2. HP: 16/19 MP: 4/4
   508 | D:1      | Upgraded the game from 0.16.1-17-g773cdaf to 0.16.1-18-g436b03c
   652 | D:1      | Reached skill level 1 in Conjurations
   996 | D:1      | Reached XP level 3. HP: 22/24 MP: 3/6
  2090 | D:2      | Gained mutation: A weak demonic guardian rushes to your aid. [demonic ancestry]
  2090 | D:2      | Reached XP level 4. HP: 13/30 MP: 1/8
  2298 | D:2      | Learned a level 2 spell: Repel Missiles
  2301 | D:2      | Learned a level 2 spell: Blink
  2608 | D:2      | Reached skill level 1 in Dodging
  2608 | D:2      | Reached skill level 3 in Spellcasting
  3117 | D:2      | HP: 1/31 [poisoned by an adder]
  3793 | D:2      | Gained mutation: You are partially covered in rugged brown scales (AC +1, +3% HP). [demonic ancestry]
  3793 | D:2      | Reached XP level 5. HP: 10/37 MP: 3/11
  4316 | D:3      | Noticed Beholder179's ghost (average MfSk)
  4326 | D:3      | Killed Beholder179's ghost
  4380 | D:3      | Found an opulent altar of Gozag.
  4486 | D:3      | Learned a level 3 spell: Mephitic Cloud
  5603 | D:4      | Reached skill level 1 in Translocations
  5746 | D:4      | Gained mutation: You are mostly covered in rugged brown scales (AC +2, +5% HP). [demonic ancestry]
  5746 | D:4      | Reached XP level 6. HP: 9/44 MP: 0/14
  5860 | D:4      | HP: 1/44 [centaur skeleton (6)]
  5860 | D:4      | Slain by a centaur skeleton

Action                   |  1- 3 |  4- 6 || total
-------------------------+-------+-------++-------
Melee: Hand axe          |   140 |   103 ||   243
       Short sword       |       |    77 ||    77
Throw: Javelin           |    10 |     9 ||    19
       Stone             |       |     4 ||     4
 Cast: Magic Dart        |    41 |    95 ||   136
       Blink             |       |    20 ||    20
       Mephitic Cloud    |       |     1 ||     1
  Use: Potion            |       |     4 ||     4
       Scroll            |       |     6 ||     6
 Stab: Sleeping          |     1 |     2 ||     3
       Distracted        |       |     2 ||     2
  Eat: Chunk             |     6 |    11 ||    17
       Bread ration      |       |     1 ||     1
